 Dungeon Crawl Stone Soup version 0.27-a0-423-gf312af23e9 (webtiles) character file.

Game seed: 16248848888643319558

17589 porpoise the Formicid Disaster (level 12, -2/95 HPs)
             Began as a Formicid Fighter on Feb 27, 2021.
             Was a Believer of Qazlal.
             Killed from afar by Frances (29 damage)
             ... with a shard of ice
             ... on level 12 of the Dungeon.
             The game lasted 01:17:37 (17519 turns).

porpoise the Formicid Disaster (Formicid Fighter)  Turns: 17519, Time: 01:17:38

Health: -2/95      AC: 16    Str: 25    XL:     12   Next: 84%
Magic:  8/21       EV: 13    Int:  9    God:    Qazlal [**....]
Gold:   658        SH: 17    Dex: 16    Spells: 9/11 levels left

rFire    . . .     SeeInvis +   a - +0 war axe (vorpal)
rCold    + . .     Faith    .   G - +2 kite shield
rNeg     . . .     Spirit   .   J - +3 scale mail {rC+}
rPois    .         Reflect  .   (helmet unavailable)
rElec    .         Harm     .   q - +0 cloak
rCorr    .         Rampage  .   (no gloves)
Will     +....                  (no boots)
Stlth    ..........             (no amulet)
HPRegen  0.25/turn              t - +6 ring of dexterity
MPRegen  0.17/turn              O - +4 ring of protection

@: no status effects
A: permanent stasis, dig shafts and tunnels, four strong arms, antennae 3
a: Dig, Shaft Self, Renounce Religion, Upheaval


You were on level 12 of the Dungeon.
You worshipped Qazlal.
Qazlal was pleased with you.
You visited 2 branches of the dungeon, and saw 13 of its levels.
You also visited: Ice Cave.

You collected 924 gold pieces.
You spent 266 gold pieces at shops.

Inventory:

Hand Weapons
 a - a +0 vorpal war axe (weapon)
 b - the +6 fustibalus "Loukat" {venom, rF+ Stlth+}
   (You found it in an ice cave)

   It poisons the ammo it fires.
   It protects you from fire.
   It makes you more stealthy.
 n - a +1 battleaxe of venom
 V - a +2 scimitar of flaming
Missiles
 f - 121 stones
 h - 39 poisoned darts
 k - 45 arrows
 m - 15 boomerangs
 p - 2 boomerangs of dispersal
 r - 8 atropa-tipped darts
 A - 8 javelins (quivered)
 K - 46 sling bullets
 S - 2 throwing nets
 U - 8 curare-tipped darts
Armour
 q - a +0 cloak (worn)
 G - a +2 kite shield (worn)
 J - a +3 scale mail of cold resistance (worn)
Jewellery
 t - a +6 ring of dexterity (left hand)
 y - a ring of wizardry
 z - a +6 ring of dexterity
 D - a ring of protection from cold
 O - a +4 ring of protection (right hand)
 P - a ring of positive energy
Wands
 o - a wand of mindburst (21)
 v - a wand of iceblast (25)
 x - a wand of acid (9)
 B - a wand of charming (4)
 I - a wand of paralysis (17)
Scrolls
 c - a scroll of magic mapping
 w - a scroll of silence
 F - a scroll of immolation
 H - a scroll of torment
 T - a scroll of identify
Potions
 d - a potion of might
 e - a potion of brilliance
 g - 10 potions of curing
 i - 3 potions of cancellation
 j - 4 potions of lignification
 l - 2 potions of resistance
 s - 2 potions of attraction
 u - 4 potions of flight
 E - a potion of ambrosia
 M - 2 potions of heal wounds
Miscellaneous
 C - a condenser vane (inert)


   Skills:
 - Level 9.0 Fighting
 + Level 10.8 Axes
 - Level 9.0 Armour
 - Level 5.0 Dodging
 + Level 7.2 Shields
 - Level 12.0 Invocations
 - Level 5.0 Evocations


You had 9 spell levels left.
You knew the following spells:

 Your Spells              Type           Power        Failure   Level
a - Wereblood             Tmut           0%           88%         2

Your spell library contained the following spells:

 Spells                   Type           Power        Failure   Level
 Animate Skeleton         Necr           0%           77%         1
 Beastly Appendage        Tmut           0%           77%         1
 Pain                     Necr           0%           77%         1
 Spider Form              Tmut/Pois      0%           98%         3
 Vampiric Draining        Necr           0%           98%         3
 Animate Dead             Necr           0%           100%        4
 Cause Fear               Hex            0%           100%        4
 Ice Form                 Ice/Tmut       0%           100%        4
 Agony                    Necr           0%           100%        5
 Blade Hands              Tmut           0%           100%        5
 Silence                  Hex/Air        0%           100%        5
 Yara's Violent Unravell  Hex/Tmut       0%           100%        5
 Discord                  Hex            0%           100%        8


Dungeon Overview and Level Annotations

Branches:
Dungeon (12/15)            Temple (0/1) D:4            Lair (1/6) D:8
    Orc (0/2) D:10          IceCv (visited)

Altars:
Ashenzari
Cheibriados
Elyvilon
Gozag
Makhleb
Nemelex Xobeh
Okawaru
Qazlal
Sif Muna
Vehumet
Xom
Yredelemnul
Beogh

Shops:
D:6 !   D:9 !

Annotations:
D:6 exclusion: statue
D:10 exclusion: downstairs
D:11 exclusion: obsidian statue
D:12 Frances


Innate Abilities, Weirdness & Mutations

You cannot be hasted, slowed, berserked, paralysed or teleported.
You can dig through walls and to a lower floor.
Your four strong arms can wield two-handed weapons with a shield.
You have a pair of large antennae on your head. (SInv)


Message History

The orange demon barely misses you.
Unknown command.
Clouds arounds you coalesce and take form!
You can no longer give life to nearby clouds.
The orange demon is struck by lightning.
You block the orange demon's attack. The orange demon closely misses you.
Frances hits you with a +0 long sword!
* * * LOW HITPOINT WARNING * * *
Your air elemental hits the hellwing but does no damage.
Your air elemental hits the hellwing.
Your air elemental barely misses the hellwing.
Your air elemental hits the hellwing.
Your air elemental hits the hellwing but does no damage.
Your air elemental closely misses the hellwing.
The orange demon is struck by lightning.
The orange demon stings you but does no damage.
You feel much better.
Your air elemental hits the hellwing but does no damage.
Your air elemental hits the hellwing.
Your air elemental hits the hellwing but does no damage. x2
Your air elemental misses the hellwing.
Your air elemental closely misses the hellwing.
Frances mutters in a terrible tongue.
Send 'em back where they came from!
Your air elemental disappears in a puff of smoke! x3
The hellwing swoops through the air toward you!
The hellwing barely misses you. You block the hellwing's attack.
The orange demon barely misses you.
Are you sure you want to shaft yourself?
Frances screams a word of power!
You block the shard of ice. You block Frances's attack.
You block the hellwing's attack. The hellwing closely misses you.
The orange demon misses you.
You begin to dig a shaft.
You continue digging a shaft.
Your air elemental barely misses Frances.
Your air elemental hits Frances.
Frances speaks in an indecipherable language.
Frances screams a word of power!
The shard of ice hits you!! You partially resist.
You die...

####### #.#.#....#.#
##.....# #.#....###.#
...##.## #.#........#
....#.####.#.##.#######
....#.#....#.##.......#
##..#.#.####.##§.####.#
#..#.#.#..#.##4E# #.#
#..#.#.#..#.##§@# #.#
##..#.#.#..#.##.@# #.#
....#.#.#..#.##.4# #.#
###.#.#.#..#.##..# #@#
....#.#.#..#.##..# #.#
#####.#....#.##..#
#.........##.##...
#.###.######.###.# #.#
#........# ..# #.#
##########


You could see Frances (fast, ally target), an orange demon (summoned), a
hellwing (summoned) and a friendly air elemental (summoned).

Vanquished Creatures
  Harold (D:11)
  2 hydras
  Erica (Lair:1)
  A two-headed ogre (D:12)
  Sonja (Lair:1)
  An unseen horror (D:10)
  Pikel (D:6)
  An ugly thing (D:11)
  An ice statue (IceCv)
  2 komodo dragons (Lair:1)
  A cane toad (Lair:1)
  Psyche (D:11)
  A troll (D:10)
  Sigmund (D:6)
  A vampire (D:10)
  15 yaks
  Grum (D:10)
  A basilisk (Lair:1)
  Eustachio (D:4)
  2 steam dragons
  2 wargs (D:8)
  3 water moccasins (Lair:1)
  2 sky beasts
  8 ogres
  8 orc warriors
  A necrophage (D:9)
  A black bear (shapeshifter) (D:9)
  6 ice beasts
  A swamp drake (shapeshifter) (D:9)
  2 wolves (D:10)
  A phantom (D:6)
  7 centaurs
  12 bullfrogs
  6 scorpions
  3 killer bees (D:7)
  5 wights (D:8)
  3 bullfrog zombies
  A centaur zombie (D:9)
  5 jellies
  3 quasits
  A centaur skeleton (D:9)
  6 hounds
  Crazy Yiuf (D:2)
  10 orc priests
  A gnoll shaman (D:7)
  A bullfrog skeleton (D:4)
  4 iguanas
  Ijyb (D:4)
  5 orc wizards
  7 worker ants
  A hound zombie (D:11)
  A hound skeleton (D:8)
  A howler monkey zombie (D:9)
  A worker ant zombie (D:7)
  14 adders
  5 gnolls (D:7)
  2 white imps
  An ufetubus (D:9)
  An adder zombie (D:6)
  An adder skeleton (D:6)
  3 worms (D:2)
  3 dart slugs
  7 leopard geckos
  77 orcs
  3 giant cockroaches
  5 goblins
  4 hobgoblins
  9 jackals
  9 kobolds
  4 quokkas
  8 bats
  4 frilled lizards
  A giant cockroach zombie (D:5)
  A jackal zombie (D:6)
  7 rats
327 creatures vanquished.

Vanquished Creatures (collateral kills)
  2 ugly things (IceCv)
  An ice statue (IceCv)
  3 ice beasts (IceCv)
6 creatures vanquished.

Vanquished Creatures (others)
  11 plants
11 creatures vanquished.

Grand Total: 344 creatures vanquished

Notes
Turn   | Place    | Note
-------+----------+-------------------------------------------
     0 | D:1      | porpoise the Formicid Fighter began the quest for the Orb.
     0 | D:1      | Reached XP level 1. HP: 18/18 MP: 1/1
   227 | D:1      | Reached XP level 2. HP: 15/24 MP: 2/2
   962 | D:1      | Reached XP level 3. HP: 29/30 MP: 3/3
  1319 | D:2      | Found a shimmering blue altar of Sif Muna.
  1319 | D:2      | Found a stormy altar of Qazlal.
  1452 | D:2      | Found a white marble altar of Elyvilon.
  1452 | D:2      | Found an opulent altar of Gozag.
  1495 | D:2      | Became a worshipper of Qazlal Stormbringer
  1549 | D:2      | Reached XP level 4. HP: 37/37 MP: 4/4
  1843 | D:2      | Reached skill level 1 in Invocations
  1898 | D:2      | Found a basalt altar of Yredelemnul.
  1941 | D:2      | Found a snail-covered altar of Cheibriados.
  2131 | D:2      | Reached XP level 5. HP: 43/43 MP: 4/6
  2240 | D:2      | Found a runed translucent door.
  2241 | D:2      | Noticed Crazy Yiuf
  2255 | D:2      | Killed Crazy Yiuf
  2256 | D:2      | Reached skill level 2 in Invocations
  3652 | D:3      | Reached * piety under Qazlal
  3653 | D:3      | Reached skill level 5 in Fighting
  3653 | D:3      | Reached XP level 6. HP: 51/51 MP: 7/7
  3713 | D:4      | Reached skill level 3 in Invocations
  3756 | D:4      | Found a staircase to the Ecumenical Temple.
  3769 | D:4      | Noticed an ogre
  3775 | D:4      | Killed an ogre
  3818 | D:4      | Noticed an ogre
  3827 | D:4      | Killed an ogre
  3828 | D:4      | Reached skill level 4 in Invocations
  3828 | D:4      | Reached XP level 7. HP: 48/56 MP: 8/10
  3830 | D:4      | Reached skill level 5 in Axes
  3917 | D:4      | Found a sparkling altar of Nemelex Xobeh.
  3990 | D:4      | Noticed Ijyb
  3992 | D:4      | Killed Ijyb
  4144 | D:4      | Noticed Eustachio
  4152 | D:4      | Killed Eustachio
  4153 | D:4      | Reached skill level 5 in Invocations
  4612 | D:5      | Entered Level 5 of the Dungeon
  4766 | D:5      | Reached XP level 8. HP: 50/62 MP: 12/12
  4908 | D:5      | Reached skill level 6 in Invocations
  5423 | D:6      | Found a radiant altar of Vehumet.
  5454 | D:6      | Reached ** piety under Qazlal
  5455 | D:6      | Reached skill level 7 in Invocations
  5858 | D:6      | Noticed Sigmund
  5870 | D:6      | Killed Sigmund
  5977 | D:6      | Noticed Pikel
  6006 | D:6      | Killed Pikel
  6007 | D:6      | Reached skill level 5 in Armour
  6007 | D:6      | Reached XP level 9. HP: 50/68 MP: 14/14
  6257 | D:6      | Reached skill level 1 in Dodging
  6407 | D:6      | Found Eraywn's Distillery.
  6412 | D:6      | Bought a potion of curing for 30 gold pieces
  6412 | D:6      | Bought 2 potions of lignification for 60 gold pieces
  7828 | D:7      | Reached XP level 10. HP: 60/74 MP: 15/15
  8452 | D:8      | Reached skill level 10 in Axes
  8612 | D:8      | Reached skill level 5 in Dodging
  8616 | D:8      | Reached skill level 1 in Evocations
  8651 | D:8      | Reached *** piety under Qazlal
  8836 | D:8      | You fall into a shaft and drop 1 floor!
  9183 | D:8      | Reached skill level 5 in Shields
  9246 | D:8      | Found a staircase to the Lair.
  9464 | D:8      | Found a burning altar of Makhleb.
  9464 | D:8      | Noticed a green death
  9497 | D:8      | Noticed an orange demon
  9898 | D:8      | Found an iron altar of Okawaru.
  9899 | D:8      | Found a broken altar of Ashenzari.
 10256 | D:9      | Found Deus's Distillery.
 10271 | D:9      | Bought 2 potions of curing for 66 gold pieces
 10271 | D:9      | Bought a potion of heal wounds for 55 gold pieces
 10271 | D:9      | Bought a potion of heal wounds for 55 gold pieces
 10354 | D:9      | You fall into a shaft and drop 1 floor!
 10354 | D:10     | Entered Level 10 of the Dungeon
 10841 | D:10     | Noticed Grum
 10861 | D:10     | Killed Grum
 10874 | D:10     | Reached skill level 5 in Evocations
 11070 | D:10     | Reached XP level 11. HP: 84/84 MP: 16/16
 11218 | D:10     | Learned a level 2 spell: Wereblood
 11461 | D:10     | Reached skill level 8 in Invocations
 11628 | D:10     | Reached **** piety under Qazlal
 11746 | D:9      | Reached skill level 9 in Invocations
 11926 | D:9      | Found a shimmering altar of Xom.
 11926 | D:9      | Found a shimmering altar of Xom.
 11927 | D:9      | Found a shimmering altar of Xom.
 11928 | D:9      | Found a shimmering altar of Xom.
 11928 | D:9      | Found a shimmering altar of Xom.
 11928 | D:9      | Found a shimmering altar of Xom.
 11929 | D:9      | Found a shimmering altar of Xom.
 11929 | D:9      | Found a shimmering altar of Xom.
 12575 | D:9      | Found a roughly hewn altar of Beogh.
 12731 | Lair:1   | Entered Level 1 of the Lair of Beasts
 12737 | Lair:1   | Noticed a seven-headed hydra
 12753 | D:8      | Killed an eight-headed hydra
 12754 | D:8      | Reached skill level 10 in Invocations
 13328 | Lair:1   | Found a frozen archway.
 13340 | IceCv    | Entered an ice cave
 13340 | IceCv    | Noticed a white ugly thing
 13362 | IceCv    | Killed a white ugly thing
 13643 | IceCv    | Found a transporter.
 13667 | IceCv    | Noticed a white ugly thing
 13671 | IceCv    | Killed a white ugly thing
 13672 | IceCv    | Reached XP level 12. HP: 82/95 MP: 13/20
 13672 | IceCv    | Found a transporter.
 13688 | IceCv    | Reached skill level 11 in Invocations
 13776 | IceCv    | Identified the +6 fustibalus "Loukat" {venom, rF+ Stlth+}
 13906 | Lair:1   | Noticed Sonja
 13914 | Lair:1   | Killed Sonja
 14259 | Lair:1   | Noticed Erica
 14273 | Lair:1   | Killed Erica
 14867 | D:10     | Noticed an unseen horror
 14872 | D:10     | Killed an unseen horror
 15183 | D:10     | Reached skill level 12 in Invocations
 15418 | D:10     | Found a roughly hewn altar of Beogh.
 15418 | D:10     | Found a staircase to the Orcish Mines.
 15942 | D:11     | Noticed Psyche
 15944 | D:11     | Killed Psyche
 15956 | D:11     | Noticed Harold
 15982 | D:11     | Noticed a six-headed hydra
 15997 | D:10     | Killed a three-headed hydra
 16182 | D:11     | Killed Harold
 16729 | D:12     | Noticed a two-headed ogre
 16735 | D:12     | Killed a two-headed ogre
 17401 | D:12     | Identified the +1 leather armour of Rykhliz {Str+2}
 17492 | D:12     | Noticed Frances
 17515 | D:12     | HP: 3/95 [Frances/+0 long sword (7)]
 17519 | D:12     | Killed from afar by Frances

Illustrated notes

Levels and vault maps discovered:
D:1:      onia_arrival_pyramid, layout_basic, serial_bayou, serial_bayou_pond_c,
          serial_bayou_lagoon_b, serial_bayou_crossing, serial_bayou_pond_a,
          serial_bayou_pond_a, serial_bayou_pond_e
D:2:      layout_loops_ring, yredelemnul_altar_generic, kennysheep_slug_shrine,
          grunt_temple_overflow_open, uniq_crazy_yiuf_cottage
D:3:      layout_basic
D:4:      layout_layer_cave, temple_pool_b, nemelex_xobeh_ov_fountains_minmay,
          uniq_eustachio, uniq_ijyb
D:5:      layout_rooms, hangedman_decor_clover_reticule
D:6:      layout_loops_ring, vehumet_statue, serial_shops, kennysheep_mini,
          serial_rivers, chequers_serial_rivers_room_b,
          chequers_serial_rivers_room_b, chequers_serial_rivers_large_a,
          chequers_serial_rivers_large_b, chequers_serial_rivers_micro_b,
          uniq_pikel, uniq_sigmund
D:7:      layout_basic, minmay_fractal_squares_diagonal_5
D:8:      layout_loops_cross, gammafunk_temple_overflow_pools,
          erik_lair_orcish_takeover, makhleb_altar_promises_db
D:9:      layout_roguey, special_room [special_room_orc], serial_shops,
          nicolae_shop_waterfront, corexii_checkpoint_a, xom_shifter_show
D:10:     layout_roguey, david_orc_5, uniq_grum
D:11:     layout_rooms, minmay_statue_bubble, uniq_psyche, uniq_harold
D:12:     layout_basic, uniq_frances
Lair:1:   layout_hall_layers, portal_ice_cave_entry_pillars_2,
          grunt_megastairs_4, uniq_erica, uniq_sonja

Skill      XL: |  1  2  3  4  5  6  7  8  9 10 11 12 |
---------------+-------------------------------------+-----
Fighting       | 4 5 7 9 |  9.0
Axes           | 3 4 5 8 9 10 | 10.8
Invocations    | 1 2 4 5 7 10 12 | 12.0
Armour         | 5 7 9 |  9.0
Dodging        | 3 5 |  5.0
Shields        | 5 7 |  7.2
Evocations     | 5 |  5.0

Action                   |  1- 3 |  4- 6 |  7- 9 | 10-12 || total
-------------------------+-------+-------+-------+-------++-------
Melee: War axe           |   139 |    91 |   232 |   552 ||  1014
       Mace              |       |       |       |     2 ||     2
       Scimitar          |       |       |       |     3 ||     3
 Fire: Hunting sling     |     1 |    68 |    57 |    92 ||   218
       Fustibalus        |       |       |       |    46 ||    46
Throw: Boomerang         |       |       |     5 |    25 ||    30
       Throwing net      |       |       |     1 |       ||     1
       Javelin           |       |       |       |     1 ||     1
Invok: Elemental Force   |       |       |       |     7 ||     7
       Upheaval          |       |       |       |     5 ||     5
 Abil: Shaft Self        |       |       |       |     3 ||     3
       Dig               |       |       |       |     2 ||     2
Evoke: Wand              |       |       |     6 |    21 ||    27
       Condenser vane    |       |       |       |     1 ||     1
  Use: Scroll            |       |     4 |     7 |    10 ||    21
       Potion            |       |       |       |     2 ||     2
 Stab: Held in net/web   |       |       |     1 |       ||     1
       Paralysed         |       |       |       |     8 ||     8
Armor: Scale mail        |    29 |       |       |   174 ||   203
       Chain mail        |    66 |    46 |   116 |    19 ||   247
Dodge: Dodged            |    33 |    26 |    61 |   215 ||   335
       Repelled          |       |       |       |     1 ||     1
Block: Kite shield       |    77 |    72 |   185 |   536 ||   870

Table legend: (Time is in decaauts)
 A = Elapsed time spent in this place.
 B = Non-inter-level travel time spent in this place.
 C = Inter-level travel time spent in this place.
 D = Time resting spent in this place.
 E = Time spent auto-exploring this place.
 F = Levels seen in this place.
 G = Mean time per level.
                   A        B        C        D        E       F      G
               +--------+--------+--------+--------+--------+-----+--------+
         Total |  17896 |  17608 |    288 |   5504 |   7748 |  14 | 1278.3 |
       Dungeon |  16100 |  15818 |    282 |   4924 |   7233 |  12 | 1341.7 |
          Lair |   1310 |   1305 |      5 |    229 |    515 |   1 | 1310.0 |
      Ice Cave |    485 |    485 |      0 |    351 |      0 |   1 |  485.0 |
               +--------+--------+--------+--------+--------+-----+--------+

Top non-repeatable levels by time:
    D:10: 2335 daAuts
     D:8: 1750 daAuts
     D:9: 1563 daAuts
     D:1: 1543 daAuts
     D:6: 1539 daAuts
     D:7: 1533 daAuts
     D:2: 1461 daAuts
  Lair:1: 1310 daAuts
     D:4: 1171 daAuts
    D:11: 945 daAuts
    D:12: 841 daAuts
     D:5: 801 daAuts
     D:3: 614 daAuts
   IceCv: 485 daAuts
